 Dungeon Sprint DCSS version 0.25-a0-71-ge910a4a285 (webtiles) character file.

Game seed: 13461246275572628839, levelgen mode: deterministic

509345 Arthanis the End of an Era (level 19, 172/172 (175) HPs)
             Began as a Demonspawn Monk on Nov 3, 2019.
             Was the Champion of Qazlal.
             Escaped with the Orb!
             The game lasted 00:20:42 (983 turns).

Arthanis the End of an Era (Demonspawn Monk)         Turns: 983, Time: 00:20:42

HP:   172/172 (175) AC: 19    Str: 19    XL:     19   Next: 75%
MP:   38/55         EV: 26    Int: 25    God:    Qazlal [******]
Gold: 0             SH: 45    Dex: 19    Spells: 60/64 levels left

rFire    + + +     SeeInvis +   E - staff of energy
rCold    . . .     Gourm    .   J - +18 shield of the Gong {rElec rN+ MR+ EV-5}
rNeg     + + +     Faith    .   Y - +4 ring mail of Omiakh {Int+2}
rPois    +         Spirit   .   b - -2 hat of the Alchemist {rElec rPois rF+ rC+ rN+ MR+ rMut rCorr}
rElec    +         Reflect  .   Z - +2 cloak {MR+}
rCorr    +         Harm     .   K - -3 pair of gloves of Jigsaw {rC- rCorr MP+9 Str+2} (curse)
rMut     +         NoTele   +   (boots unavailable)
MR       ++++.                  a - amulet "Ravuegh" {rElec rC- Regen+ Int+5 Dex+2}
Stlth    +.........             C - ring "Ynaar" {Wiz rElec rF+ rC+ rN+}
HPRegen  4.78/turn              T - ring of Cyunyhan {rF+ Str+5 SInv}
MPRegen  0.34/turn

@: studying 2 skills, repel missiles
A: hooves 3, yellow scales 3, fire resistance 1, powered by death 2, screaming
1, spiny 2
0: Orb of Zot
a: Upheaval, Elemental Force, Disaster Area, Renounce Religion


You escaped.
You worshipped Qazlal.
Qazlal was exalted by your worship.
You were not hungry.

You visited 1 branch

Inventory:

Hand Weapons
 G - the +7 Singing Sword {slice, sonic wave}
   (You found it in the Dungeon)

   It inflicts extra damage upon your enemies.
 H - the +8 lance "Wyrmbane" {slay drac, rPois rF+ rC+ AC+3}
   (You found it in the Dungeon)

   It affects your AC (+3).
   It protects you from fire.
   It protects you from cold.
   It protects you from poison.
Armour
 b - the -2 hat of the Alchemist (worn) {rElec rPois rF+ rC+ rN+ MR+ rMut rCorr}
   (You found it in the Dungeon)

   It protects you from fire.
   It protects you from cold.
   It insulates you from electricity.
   It protects you from poison.
   It protects you from negative energy.
   It affects your resistance to hostile enchantments.
   It provides partial protection from all sources of acid and corrosion.
   It protects you from mutation.
 J - the +18 shield of the Gong (worn) {rElec rN+ MR+ EV-5}
   (You found it in the Dungeon)

   It affects your evasion (-5).
   It insulates you from electricity.
   It protects you from negative energy.
   It affects your resistance to hostile enchantments.
 K - the cursed -3 pair of gloves of Jigsaw (worn) {rC- rCorr MP+9 Str+2}
   (You found it in the Dungeon)

   It affects your strength (+2).
   It makes you vulnerable to cold.
   It affects your magic capacity (+9).
   It provides partial protection from all sources of acid and corrosion.
   It has a curse placed upon it.
 R - the +8 plate armour of Fedhas's Esteem {rPois MR+ Regen+ Dex+3}
   (You took it off a merfolk impaler in the Dungeon)

   It affects your dexterity (+3).
   It protects you from poison.
   It affects your resistance to hostile enchantments.
   It increases your rate of regeneration.
 S - the +2 plate armour "Ifakli" {rPois rC++ MR+ Int+2}
   (You found it in the Dungeon)

   It affects your intelligence (+2).
   It greatly protects you from cold.
   It protects you from poison.
   It affects your resistance to hostile enchantments.
 Y - the +4 ring mail of Omiakh (worn) {Int+2}
   (You found it in the Dungeon)

   It affects your intelligence (+2).
 Z - a +2 cloak of magic resistance (worn)
Magical Staves
 E - an uncursed staff of energy (weapon)
Jewellery
 a - the amulet "Ravuegh" (around neck) {rElec rC- Regen+ Int+5 Dex+2}
   (You found it in the Dungeon)

   [amulet of regeneration]

   It affects your intelligence (+5).
   It affects your dexterity (+2).
   It makes you vulnerable to cold.
   It insulates you from electricity.
   It increases your rate of regeneration.
 x - an uncursed ring of flight
 y - an uncursed ring of see invisible
 z - the ring of the Tarantula {+Blink rPois rCorr Dex-3 Stlth+}
   (You took it off a yaktaur captain in the Dungeon)

   [ring of resist corrosion]

   It affects your dexterity (-3).
   It protects you from poison.
   It lets you blink.
   It provides partial protection from all sources of acid and corrosion.
   It makes you more stealthy.
 A - a +6 ring of intelligence
 B - a +6 ring of intelligence
 C - the ring "Ynaar" (left hand) {Wiz rElec rF+ rC+ rN+}
   (You took it off a vault guard in the Dungeon)

   [ring of wizardry]

   It improves your spell success rate.
   It protects you from fire.
   It protects you from cold.
   It insulates you from electricity.
   It protects you from negative energy.
 I - the amulet of Vitality {Regen+ HP+15}
   (You took it off a spriggan air mage in the Dungeon)

   [amulet of regeneration]

   It affects your health (+15).
   It increases your rate of regeneration.
 L - the ring "Niesikiq" {rF- rC++ rCorr Int+4 Dex+4}
   (You took it off a spriggan in the Dungeon)

   [ring of resist corrosion]

   It affects your intelligence (+4).
   It affects your dexterity (+4).
   It makes you vulnerable to fire.
   It greatly protects you from cold.
   It provides partial protection from all sources of acid and corrosion.
 N - a +3 ring of slaying
 P - the ring "Wyoloirar" {rF+ Str-3 Dex+5 SInv}
   (You found it in the Dungeon)

   [ring of protection from fire]

   It affects your strength (-3).
   It affects your dexterity (+5).
   It protects you from fire.
   It lets you see invisible.
 T - the ring of Cyunyhan (right hand) {rF+ Str+5 SInv}
   (You took it off a wight in the Dungeon)

   [ring of see invisible]

   It affects your strength (+5).
   It protects you from fire.
   It lets you see invisible.
Wands
 u - a wand of disintegration (7)
 v - a wand of iceblast (3)
 w - a wand of acid (2)
Scrolls
 i - 4 scrolls of blinking
 p - 4 scrolls of amnesia
 q - 7 scrolls of fog
 r - 5 scrolls of identify
 s - 5 scrolls of remove curse
 t - 2 scrolls of fear
 O - 9 scrolls of brand weapon
Potions
 d - 10 potions of curing
 e - 10 potions of heal wounds
 f - 14 potions of haste
 g - 7 potions of magic
 h - 2 potions of berserk rage
 j - 2 potions of brilliance
 k - 2 potions of invisibility
 l - 4 potions of resistance
 n - 7 potions of agility
 o - 5 potions of might
Books
 m - a manual of Staves
 Q - a manual of Long Blades
Miscellaneous
 F - a lightning rod (4/4)
 M - 11 sacks of spiders
 U - 3 boxes of beasts
 X - a lamp of fire
Comestibles
 c - 7 rations
 D - 5 chunks of flesh


   Skills:
 + Level 22.3 Fighting
 - Level 4.1 Long Blades
 + Level 24.5 Armour
 + Level 24.4 Dodging
 - Level 1.7 Stealth
 + Level 26.9 Shields
 - Level 23.1 Spellcasting
 - Level 19.9 Necromancy
 O Level 27 Invocations
 O Level 27 Evocations


You had 60 spell levels left.
You knew the following spells:

 Your Spells              Type           Power        Failure   Level  Hunger
a - Blink                 Tloc           N/A          1%          2    None
b - Sublimation of Blood  Necr           #######...   0%          2    None

Your spell library contained the following spells:

 Spells                   Type           Power        Failure   Level  Hunger
 Animate Skeleton         Necr           N/A          0%          1    None
 Corpse Rot               Necr           N/A          0%          2    None
 Agony                    Necr           #######.     0%          5    None
 Dispel Undead            Necr           #######.     0%          5    None
 Apportation              Tloc           ####..       1%          1    None
 Confusing Touch          Hex            ####..       1%          1    None
 Flame Tongue             Conj/Fire      ####.        1%          1    None
 Freeze                   Ice            ####         1%          1    None
 Sandblast                Erth           ####..       1%          1    None
 Shock                    Conj/Air       ####         1%          1    None
 Sting                    Conj/Pois      ####         1%          1    None
 Summon Butterflies       Summ           ####....     1%          1    None
 Summon Small Mammal      Summ           ####         1%          1    None
 Passwall                 Tmut/Erth      ####....     1%          2    None
 Poisonous Vapours        Pois/Air       ####..       1%          2    None
 Swiftness                Chrm/Air       ####....     1%          2    None
 Throw Flame              Conj/Fire      ####..       1%          2    None
 Throw Frost              Conj/Ice       ####..       1%          2    None
 Confuse                  Hex            ####....     1%          3    None
 Conjure Flame            Conj/Fire      ####....     1%          3    None
 Gell's Gravitas          Tloc           ####......   1%          3    None
 Ignite Poison            Fire/Tmut/Pois ####....     1%          3    None
 Inner Flame              Hex/Fire       ####....     1%          3    None
 Lesser Beckoning         Tloc           ####......   1%          3    None
 Mephitic Cloud           Conj/Pois/Air  ####....     1%          3    None
 Ozocubu's Armour         Chrm/Ice       ####....     1%          3    None
 Portal Projectile        Hex/Tloc       ####..       1%          3    None
 Recall                   Summ/Tloc      N/A          1%          3    None
 Static Discharge         Conj/Air       ####....     1%          3    None
 Teleport Other           Tloc           ####....     1%          3    None
 Tukima's Dance           Hex            ####....     1%          3    None
 Bolt of Draining         Conj/Necr      ######....   1%          5    None
 Borgnjor's Vile Clutch   Necr/Erth      ######....   1%          5    None
 Excruciating Wounds      Chrm/Necr      ######....   1%          5    None
 Simulacrum               Ice/Necr       ######....   1%          6    None
 Airstrike                Air            ####......   6%          4    None
 Cause Fear               Hex            ####......   6%          4    None
 Force Lance              Conj/Tloc      ####....     6%          4    None
 Ice Form                 Ice/Tmut       ####....     6%          4    None
 Leda's Liquefaction      Hex/Erth       ####......   6%          4    None
 Olgreb's Toxic Radiance  Pois           ####....     6%          4    None
 Petrify                  Tmut/Erth      ####....     6%          4    None
 Sticky Flame             Conj/Fire      ####....     6%          4    None
 Summon Ice Beast         Ice/Summ       ####....     6%          4    None
 Summon Lightning Spire   Summ/Air       ####....     6%          4    None
 Throw Icicle             Conj/Ice       ####....     6%          4    None
 Alistair's Intoxication  Tmut/Pois      ####....     17%         5    None
 Aura of Abjuration       Summ           ####......   17%         5    None
 Bolt of Magma            Conj/Fire/Erth ####......   17%         5    None
 Fireball                 Conj/Fire      ####......   17%         5    None
 Irradiate                Conj/Tmut      ####......   17%         5    None
 Lee's Rapid Deconstruct  Erth           ####......   17%         5    None
 Lightning Bolt           Conj/Air       ####......   17%         5    None
 Metabolic Englaciation   Hex/Ice        ####......   17%         5    None
 Silence                  Hex/Air        ####......   17%         5    None
 Summon Demon             Summ           ####......   17%         5    None
 Summon Mana Viper        Hex/Summ       ####....     17%         5    None
 Venom Bolt               Conj/Pois      ####......   17%         5    None
 Yara's Violent Unravell  Hex/Tmut       ####......   17%         5    None
 Bolt of Cold             Conj/Ice       ####......   65%         6    None
 Bolt of Fire             Conj/Fire      ####......   65%         6    None
 Darkness                 Hex            ####......   65%         6    None
 Deflect Missiles         Chrm/Air       ####......   65%         6    None
 Freezing Cloud           Conj/Ice/Air   ####......   65%         6    None
 Hydra Form               Tmut           ####......   65%         6    None
 Invisibility             Hex            ####....     65%         6    None
 Iron Shot                Conj/Erth      ####......   65%         6    None
 Ozocubu's Refrigeration  Ice            ####......   65%         6    None
 Statue Form              Tmut/Erth      ####.....    65%         6    None
 Dragon Form              Tmut           ####......   99%         7    None
 Malign Gateway           Summ/Tloc      ####......   99%         7    None
 Monstrous Menagerie      Summ           ####......   99%         7    None
 Summon Greater Demon     Summ           ####......   99%         7    None
 Discord                  Hex            ####......   100%        8    None
 Ignition                 Fire           ####......   100%        8    None
 Summon Horrible Things   Summ           ####......   100%        8    None
 Dragon's Call            Summ           ####......   100%        9    None
 Shatter                  Erth           ####......   100%        9    None
 Passage of Golubria      Tloc           Unusable     N/A         4    N/A

Dungeon Overview and Level Annotations

Branches:
Dungeon (1/1)

Altars:
Ashenzari
Cheibriados
Dithmenos
Elyvilon
Fedhas
Gozag
Hepliaklqana
Kikubaaqudgha
Makhleb
Nemelex Xobeh
Okawaru
Qazlal
Ru
Sif Muna
Trog
Uskayaw
Vehumet
Wu Jian
Xom
Yredelemnul
Zin
The Shining One
Beogh
Jiyva
Lugonu


Innate Abilities, Weirdness & Mutations

You have hooves in place of feet.
You are completely covered in yellow scales. (AC +4, rCorr)
Your flesh is heat resistant. (rF+)
You regenerate health from kills.
You are mostly covered in sharp spines.
You occasionally shout uncontrollably at your foes.


Message History

The floor.
There is a cloud of freezing vapour here.
Things that are here:
an uncursed staff of summoning; an uncursed ring of resist corrosion
Things that are here:
a +2 robe; a crystal ball of energy; a fan of gales
Things that are here:
a +1 fustibalus of flaming; a book of Party Tricks
There is a transporter here.
An exit appears before you!
You enter the transporter and appear at another place.
Found the Orb of Zot.
You see here the Orb of Zot.
You pick up the Orb of Zot!
The Orb lets out a hideous shriek!
The lords of Pandemonium are not amused.
Beware!
Now all you have to do is get back out of the dungeon!
Found a staircase leading out of the dungeon.
There is a staircase leading out of the dungeon here.
You can't go down here!
You have escaped!

≈≈≈≈.:.†≈.≈≈▓..▓.......▓..▓...8©8
≈≈=≈..≈.≈≈..▓.▓.▓.....▓.▓.▓..:)[|
≈≈≈≈..≈≈..≈.▓≈≈▓.≈.....▓..▓..≈†≈≈
≈.†.†...≈...▓≈.≈.....≈.≈≈.▓...}..
............▓.≈....©..≈...▓....†.
..††........▓▓▓▓▓▓▓▓▓▓▓▓▓▓▓......
▓.......▓...▓8888888888888▓..≈≈††
▓▓.....▓▓▓.≈▓8....☼......8▓..▓...
▓....≈..▓...▓8..@..○..©..8▓.▓....
..≈≈...≈.≈..▓8.§.☼○......8▓....©.
≈≈..©≈.≈≈...▓8888888888888▓▓▓▓▓▓▓
▓▓▓▓▓▓▓▓▓▓▓▓▓▓▓▓▓▓▓▓▓▓▓▓▓▓▓▓▓▓▓▓▓
.≈..≈8©8..≈.≈≈..▓........8©8.....
)|:)|www[≈}||≈[.▓.[![[|)|..))...)
}≈)≈))[|}))|≈:≈≈▓.:).)[[|.[.))[.}
≈X[)≈)≈:))))≈=)≈▓.[.)....).[..).)
≈w*)≈)≈..÷.≈≈≈≈≈▓.[..[...))..|...


There were no monsters in sight!

Vanquished Creatures
  A juggernaut (shapeshifter) (D)
  A greater mummy (D)
  2 shard shrikes (shapeshifter) (D)
  A caustic shrike (shapeshifter) (D)
  6 golden dragons (D)
  A titan (shapeshifter) (D)
  5 liches (D)
  5 quicksilver dragons (D)
  6 krakens (D)
  A titan (D)
  A death cob (D)
  9 acid blobs (D)
  3 shadow dragons (D)
  19 azure jellies (D)
  A ghost moth (shapeshifter) (D)
  A deep elf sorcerer (D)
  4 stone giants (D)
  A ghoul (D)
  9 spriggan defenders (D)
  2 very ugly things (D)
  A dire elephant (D)
  A purple draconian (D)
  A spark wasp (D)
  An apis (D)
  A red draconian (D)
  18 merfolk javelineers (D)
  2 mummy priests (D)
  16 death oozes (D)
  A yaktaur captain (D)
  21 merfolk impalers (D)
  3 fire dragons (D)
  3 naga warriors (D)
  2 great orbs of eyes (D)
  21 vault guards (D)
  A hydra (D)
  18 spriggan air magi (D)
  4 ice dragons (D)
  2 anacondas (shapeshifter) (D)
  6 shambling mangroves (D)
  2 merfolk avatars (D)
  An alligator snapping turtle (D)
  A dancing weapon (D)
  A catoblepas (D)
  A two-headed ogre (shapeshifter) (D)
  8 merfolk aquamancers (D)
  A satyr (D)
  A queen ant (shapeshifter) (D)
  A shock serpent (shapeshifter) (D)
  9 spriggan berserkers (D)
  2 spriggans (D)
  A deep elf knight (D)
  A sea snake (shapeshifter) (D)
  3 skeletal warriors (D)
  7 sea snakes (D)
  An unseen horror (shapeshifter) (D)
  4 death drakes (D)
  A swamp dragon (shapeshifter) (D)
  2 spriggan druids (D)
  4 glowing orange brains (D)
  An orc knight (D)
  2 deep elf archers (D)
  A glowing orange brain (shapeshifter) (D)
  2 harpies (D)
  A mana viper (shapeshifter) (D)
  5 necromancers (D)
  4 oklob plants (D)
  2 wolf spiders (D)
  3 deep elf magi (D)
  A wolf spider (shapeshifter) (D)
  A shining eye (shapeshifter) (D)
  6 shining eyes (D)
  3 ugly things (D)
  10 manticores (D)
  2 cyclopes (shapeshifter) (D)
  3 draconians (D)
  A moth of wrath (shapeshifter) (D)
  A salamander (shapeshifter) (D)
  A moth of wrath (D)
  9 water nymphs (D)
  4 merfolk sirens (D)
  An eye of devastation (D)
  3 naga magi (D)
  A torpor snail (shapeshifter) (D)
  A guardian serpent (shapeshifter) (D)
  5 guardian serpents (D)
  4 spiny frogs (D)
  A rime drake (D)
  A hellion (D)
  A freezing wraith (D)
  7 yaktaurs (D)
  2 komodo dragons (shapeshifter) (D)
  2 tormentors (D)
  A yaktaur (shapeshifter) (D)
  A guardian mummy (D)
  14 merfolk (D)
  A demonic crawler (D)
  8 dryads (D)
  2 red devils (D)
  2 jumping spiders (D)
  15 hornets (D)
  A hippogriff (shapeshifter) (D)
  3 wind drakes (D)
  26 slime creatures (D)
  A raiju (shapeshifter) (D)
  4 snapping turtles (D)
  2 hippogriffs (D)
  An air elemental (D)
  A redback (shapeshifter) (D)
  A flying skull (D)
  4 shadows (D)
  A yak (shapeshifter) (D)
  2 vampires (D)
  A redback (D)
  4 water elementals (D)
  A wyvern (shapeshifter) (D)
  A wraith (D)
  A yak (D)
  A spriggan (shapeshifter) (D)
  3 wyverns (D)
  A tarantella (D)
  2 basilisks (D)
  A golden eye (shapeshifter) (D)
  2 golden eyes (D)
  A neqoxec (D)
  3 steam dragons (D)
  4 acid dragons (D)
  A water moccasin (shapeshifter) (D)
  A porcupine (D)
  4 water moccasins (D)
  4 swamp drakes (D)
  2 ice beasts (D)
  5 necrophages (D)
  A black bear (D)
  A tengu (shapeshifter) (D)
  An eye of draining (D)
  A centaur (shapeshifter) (D)
  A centaur (D)
  2 crocodiles (D)
  2 bullfrogs (D)
  10 wights (D)
  An orc priest (D)
  5 jellies (D)
  An adder (D)
  A white imp (D)
  4 adder zombies (D)
  4 adder skeletons (D)
  An orc (D)
  A bat skeleton (D)
  4 bat zombies (D)
  2 ball pythons (D)
  A ball python skeleton (D)
  3 giant cockroach zombies (D)
  2 leopard gecko zombies (D)
  A quokka skeleton (D)
  2 butterflies (D)
  10 tentacles (D)
542 creatures vanquished.

Vanquished Creatures (collateral kills)
  A shard shrike (shapeshifter) (D)
  A shadow dragon (shapeshifter) (D)
  A death drake (shapeshifter) (D)
3 creatures vanquished.

Vanquished Creatures (others)
  14 tentacles (D)
14 creatures vanquished.

Grand Total: 559 creatures vanquished

Notes
Turn   | Place    | Note
-------+----------+-------------------------------------------
     0 | D        | Arthanis the Demonspawn Monk began the quest for the Orb.
     0 | D        | Reached XP level 1. HP: 18/18 MP: 1/1
     0 | D        | Found a shimmering blue altar of Sif Muna.
     0 | D        | Found a sacrificial altar of Ru.
     0 | D        | Found a bloodstained altar of Trog.
     0 | D        | Found a stormy altar of Qazlal.
     0 | D        | Found an iron altar of Okawaru.
     0 | D        | Found a sparkling altar of Nemelex Xobeh.
     0 | D        | Found a blossoming altar of Fedhas.
     1 | D        | Found the +6 Majin-Bo {vamp, Archmagi MP+6 Int+6}
     1 | D        | Found the +7 great mace "Firestarter" {inner flame, rF++}
     2 | D        | Found a transporter.
     2 | D        | Found an ancient bone altar of Kikubaaqudgha.
     2 | D        | Found a viscous altar of Jiyva.
     2 | D        | Found a corrupted altar of Lugonu.
     2 | D        | Found a hazy altar of Hepliaklqana.
     2 | D        | Found a burning altar of Makhleb.
     2 | D        | Found an opulent altar of Gozag.
    22 | D        | Became a worshipper of Qazlal Stormbringer
    22 | D        | Reached * piety under Qazlal
    22 | D        | Reached ** piety under Qazlal
    27 | D        | Found the +6 shillelagh "Devastator" {shatter}
    27 | D        | Found the +11 plutonium sword {*Contam Stlth-}
    27 | D        | Found the +8 lance "Wyrmbane" {slay drac, rPois rF+ rC+
                  | AC+3}
    27 | D        | Found the +9 sword of Zonguldrok {reap}
    27 | D        | Found the cursed +13 scythe of Curses {drain, *Curse}
    27 | D        | Found the +0 sword of Power
    27 | D        | Found the +7 mace of Variability {chain chaos}
    27 | D        | Found the +7 Singing Sword {slice, sonic wave}
    27 | D        | Found the +8 storm bow {elec, penet}
    29 | D        | Found the +9 heavy crossbow "Sniper" {velocity, Acc+∞ SInv}
    29 | D        | Found the +10 dark maul {crush}
    29 | D        | Found the +15 Maxwell's patent armour {-Cast -Tele rElec
                  | MR+ rCorr}
    29 | D        | Found the +18 shield of the Gong {rElec rN+ MR+ EV-5}
    29 | D        | Found the cursed +14 obsidian axe {chop, +Fly SInv *Curse}
    48 | D        | Gained mutation: You are partially covered in yellow
                  | scales. (AC +2) [demonic ancestry]
    48 | D        | Reached XP level 2. HP: 25/25 MP: 2/4
    50 | D        | Entered arena 2.
    50 | D        | Found a transporter.
    52 | D        | Gained mutation: You regenerate a little health from kills.
                  | [demonic ancestry]
    52 | D        | Reached XP level 3. HP: 31/31 MP: 2/5
    55 | D        | Got the Handbook of Gliding Earth
    58 | D        | Got Keelonaa's Incunabulum of the Rocks
    61 | D        | Entered arena 3.
    61 | D        | Noticed a wyvern
    61 | D        | Noticed a water moccasin
    61 | D        | Noticed a centaur
    61 | D        | Found a transporter.
    65 | D        | Killed a water moccasin
    65 | D        | Reached skill level 5 in Fighting
    65 | D        | Gained mutation: You have large cloven feet. [demonic
                  | ancestry]
    65 | D        | Reached XP level 4. HP: 40/40 MP: 3/7
    65 | D        | Gained mutation: You are mostly covered in yellow scales.
                  | (AC +3) [demonic ancestry]
    65 | D        | Reached XP level 5. HP: 46/46 MP: 3/8
    65 | D        | Noticed a tengu
    65 | D        | a centaur changed into a tengu
    66 | D        | Killed a tengu
    66 | D        | Reached *** piety under Qazlal
    66 | D        | Reached skill level 5 in Armour
    66 | D        | Reached skill level 5 in Shields
    66 | D        | Reached skill level 5 in Evocations
    71 | D        | Killed a wyvern
    71 | D        | Reached XP level 6. HP: 55/55 MP: 4/11
    83 | D        | Entered arena 4.
    83 | D        | Noticed a deep elf mage
    83 | D        | Noticed a deep elf knight
    83 | D        | Noticed a deep elf mage
    83 | D        | Noticed a +2 scimitar of holy wrath
    83 | D        | Found a transporter.
    87 | D        | Killed a +2 scimitar of holy wrath
    87 | D        | Gained mutation: You are partially covered in sharp spines.
                  | [demonic ancestry]
    87 | D        | Reached XP level 7. HP: 47/60 MP: 6/16
    87 | D        | Gained mutation: You are completely covered in yellow
                  | scales. (AC +4, rCorr) [demonic ancestry]
    87 | D        | Reached XP level 8. HP: 52/67 MP: 6/17
    87 | D        | Killed a deep elf mage
    87 | D        | Reached skill level 15 in Invocations
    88 | D        | Killed a deep elf mage
    88 | D        | Reached **** piety under Qazlal
    89 | D        | Killed a deep elf knight
    89 | D        | Reached XP level 9. HP: 52/72 MP: 7/22
    94 | D        | Got the Compendium of Evil Dislocation
    96 | D        | Got the ring "Ampetu" {AC+1 Int+4 Slay+2}
    98 | D        | Got the Reference Book on the Vitriolic Rocks
   102 | D        | Learned a level 2 spell: Blink
   119 | D        | Entered arena 5.
   119 | D        | Found a transporter.
   121 | D        | Reached ***** piety under Qazlal
   127 | D        | Entered arena 6.
   127 | D        | Noticed a deep elf mage
   127 | D        | Noticed a deep elf sorcerer
   127 | D        | Noticed a deep elf archer
   127 | D        | Noticed a deep elf archer
   127 | D        | Found a transporter.
   130 | D        | Killed a deep elf archer
   130 | D        | Killed a deep elf sorcerer
   130 | D        | Gained mutation: You regenerate health from kills. [demonic
                  | ancestry]
   130 | D        | Reached XP level 10. HP: 64/79 MP: 22/24
   131 | D        | Killed a deep elf mage
   132 | D        | Killed a deep elf archer
   141 | D        | Entered arena 7.
   141 | D        | Noticed a purple draconian
   141 | D        | Noticed a red draconian
   141 | D        | Noticed a draconian
   141 | D        | Noticed a draconian
   141 | D        | Noticed a draconian
   141 | D        | Noticed a death cob
   142 | D        | Killed a draconian
   142 | D        | Killed a draconian
   142 | D        | Killed a red draconian
   142 | D        | Killed a death cob
   142 | D        | Reached ****** piety under Qazlal
   142 | D        | Reached skill level 10 in Evocations
   142 | D        | Reached XP level 11. HP: 84/84 MP: 24/27
   142 | D        | Killed a purple draconian
   143 | D        | Found a transporter.
   167 | D        | Entered arena 8.
   167 | D        | Noticed a mummy priest
   167 | D        | Noticed a greater mummy
   167 | D        | Noticed a mummy priest
   168 | D        | Killed a mummy priest
   168 | D        | Killed a greater mummy
   168 | D        | Reached skill level 27 in Invocations
   168 | D        | Killed a mummy priest
   168 | D        | Reached XP level 12. HP: 74/91 MP: 24/29
   169 | D        | Found a transporter.
   178 | D        | Entered arena 9.
   180 | D        | Found a transporter.
   188 | D        | Got the Volume of Supportive Venom
   212 | D        | Entered arena 10.
   215 | D        | Found a transporter.
   240 | D        | Identified a +0 pair of boots of running (You found it in
                  | the Dungeon)
   240 | D        | Entered arena 11.
   240 | D        | Noticed an ice dragon
   240 | D        | Noticed a vault guard
   240 | D        | Noticed a stone giant
   241 | D        | Identified the +6 great sword "Gymop" {pain, rF+ MR- Str+4}
   241 | D        | Reached skill level 5 in Dodging
   241 | D        | Killed an ice dragon
   241 | D        | Killed a stone giant
   241 | D        | Reached skill level 15 in Evocations
   241 | D        | Killed a vault guard
   242 | D        | Found a transporter.
   262 | D        | Got the +2 plate armour "Ifakli" {rPois rC++ MR+ Int+2}
   276 | D        | Entered arena 12.
   283 | D        | Found a transporter.
   304 | D        | Entered arena 13.
   304 | D        | Noticed a spark wasp
   306 | D        | Killed a spark wasp
   306 | D        | Reached skill level 10 in Fighting
   306 | D        | Reached skill level 10 in Dodging
   307 | D        | Found a transporter.
   328 | D        | Entered arena 14.
   328 | D        | Noticed a dire elephant
   329 | D        | Noticed a spriggan air mage
   329 | D        | Identified the +9 hand axe of Dekainij {venom, rPois rF-
                  | rN+ Dex+7}
   329 | D        | Noticed a spriggan defender
   329 | D        | Noticed a shambling mangrove
   329 | D        | Noticed a spriggan air mage
   329 | D        | Noticed a spriggan air mage
   329 | D        | Noticed a spriggan air mage
   330 | D        | Noticed a spriggan defender
   331 | D        | Killed a spriggan air mage
   331 | D        | Gained mutation: You are mostly covered in sharp spines.
                  | [demonic ancestry]
   331 | D        | Reached XP level 13. HP: 74/100 MP: 28/30
   331 | D        | Killed a spriggan defender
   331 | D        | Reached skill level 10 in Armour
   331 | D        | Reached skill level 10 in Shields
   331 | D        | Killed a dire elephant
   331 | D        | Killed a spriggan defender
   332 | D        | Found a transporter.
   341 | D        | Got the +9 crystal plate armour "Soaw Woluuq" {rPois rC-
                  | Int+3 Dex+3}
   351 | D        | Entered arena 15.
   352 | D        | Identified the +8 falchion "Demonspawn's Regret" {flame,
                  | rF+ Int+4 Dex+2}
   358 | D        | Found a transporter.
   389 | D        | Entered arena 16.
   389 | D        | Noticed a red very ugly thing
   390 | D        | Noticed a red very ugly thing
   390 | D        | Identified the +7 hunting sling "Zowueris" {speed, Str+3}
   391 | D        | Killed a red very ugly thing
   391 | D        | Killed a ghost moth
   391 | D        | Killed a red very ugly thing
   391 | D        | Gained mutation: You have hoof-like feet. [demonic
                  | ancestry]
   391 | D        | Reached XP level 14. HP: 107/107 MP: 29/31
   393 | D        | Found a transporter.
   410 | D        | Got the Guide on Bewitchment and the Birds
   414 | D        | Got the Papyrus of Scorching Intoxication
   426 | D        | Entered arena 17.
   430 | D        | Reached skill level 15 in Dodging
   432 | D        | Found a transporter.
   450 | D        | Got the amulet "Ravuegh" {rElec rC- Regen+ Int+5 Dex+2}
   474 | D        | Entered arena 18.
   477 | D        | Identified the ring "Foceuk" {*Contam rPois rN++ Stlth+}
   478 | D        | Reached skill level 15 in Shields
   480 | D        | Found a transporter.
   505 | D        | Got the cursed -3 pair of gloves of Jigsaw {rC- rCorr MP+9
                  | Str+2}
   525 | D        | Got the +8 plate armour of Fedhas's Esteem {rPois MR+
                  | Regen+ Dex+3}
   539 | D        | Entered arena 19.
   541 | D        | Noticed a lich
   541 | D        | Identified the ring of Cyunyhan {rF+ Str+5 SInv}
   542 | D        | Noticed a ghoul
   543 | D        | Killed a lich
   543 | D        | Identified the +8 rapier of Hesurrint {freeze, rElec} (You
                  | took it off a vampire in the Dungeon)
   545 | D        | Killed a ghoul
   547 | D        | Found a transporter.
   575 | D        | Learned a level 2 spell: Sublimation of Blood
   578 | D        | Entered arena 20.
   582 | D        | Identified the ring of Quroiten {+Fly rPois rF- MR+++
                  | Dex+3}
   582 | D        | Identified the cursed +0 hunting sling of Fortitude
                  | {velocity, MR+ Str+2 Int+3 SInv}
   584 | D        | Reached skill level 1 in Spellcasting
   584 | D        | Reached skill level 1 in Necromancy
   588 | D        | Found a transporter.
   600 | D        | Got the +4 ring mail of Omiakh {Int+2}
   614 | D        | Entered arena 21.
   618 | D        | Noticed an azure jelly
   618 | D        | Noticed an azure jelly
   618 | D        | Noticed an azure jelly
   618 | D        | Noticed an acid blob
   618 | D        | Noticed an azure jelly
   618 | D        | Noticed an acid blob
   618 | D        | Noticed an azure jelly
   619 | D        | Killed an azure jelly
   619 | D        | Killed an acid blob
   619 | D        | Reached skill level 5 in Spellcasting
   619 | D        | Reached XP level 15. HP: 112/112 MP: 32/32
   619 | D        | Killed an azure jelly
   619 | D        | Reached skill level 5 in Necromancy
   619 | D        | Killed an azure jelly
   619 | D        | Noticed an acid blob
   620 | D        | Noticed an azure jelly
   620 | D        | Noticed an azure jelly
   620 | D        | Noticed an azure jelly
   621 | D        | Killed an azure jelly
   621 | D        | Killed an acid blob
   621 | D        | Killed an azure jelly
   621 | D        | Killed an acid blob
   621 | D        | Killed an azure jelly
   621 | D        | Killed an azure jelly
   621 | D        | Killed an azure jelly
   621 | D        | Reached skill level 10 in Spellcasting
   625 | D        | Found a transporter.
   639 | D        | Got the Guide on Intoxication
   646 | D        | Entered arena 22.
   649 | D        | Noticed a shard shrike
   649 | D        | Noticed a shard shrike
   650 | D        | Noticed a glowing shapeshifter
   650 | D        | Noticed a titan
   650 | D        | Noticed a ghost moth
   650 | D        | Noticed a glowing shapeshifter
   650 | D        | a ghost moth changed into a queen ant
   650 | D        | Noticed a titan
   650 | D        | a glowing shapeshifter changed into a titan
   651 | D        | Killed a shard shrike
   651 | D        | Reached skill level 10 in Necromancy
   651 | D        | Killed a titan
   651 | D        | Noticed a juggernaut
   651 | D        | a glowing shapeshifter changed into a juggernaut
   651 | D        | Noticed a juggernaut
   651 | D        | a titan changed into a juggernaut
   652 | D        | Killed a shard shrike
   652 | D        | Killed a juggernaut
   652 | D        | Gained mutation: Your flesh is heat resistant. (rF+)
                  | [demonic ancestry]
   652 | D        | Reached XP level 16. HP: 119/119 MP: 33/33
   652 | D        | Killed a caustic shrike
   652 | D        | Noticed a shard shrike
   656 | D        | Noticed a shadow dragon
   656 | D        | a shard shrike changed into a shadow dragon
   657 | D        | Noticed a shard shrike
   660 | D        | Killed a shadow dragon
   660 | D        | Killed a shard shrike
   660 | D        | Reached skill level 15 in Spellcasting
   661 | D        | Found a transporter.
   674 | D        | Got the Papyrus of Blistering Transformation
   696 | D        | Entered arena 23.
   701 | D        | Noticed a lich
   701 | D        | Noticed a shadow dragon
   701 | D        | Noticed a lich
   702 | D        | Identified the +5 war axe "Yrghutir" {chop, +Blink rPois}
   703 | D        | Found the -2 hat of the Alchemist {rElec rPois rF+ rC+ rN+
                  | MR+ rMut rCorr}
   703 | D        | Killed a lich
   703 | D        | Reached skill level 15 in Armour
   703 | D        | Killed a lich
   703 | D        | Killed a lich
   703 | D        | Killed a shadow dragon
   703 | D        | Reached skill level 15 in Necromancy
   704 | D        | Noticed a titan
   704 | D        | Identified the ring of the Tarantula {+Blink rPois rCorr
                  | Dex-3 Stlth+}
   704 | D        | Identified the ring "Ynaar" {Wiz rElec rF+ rC+ rN+}
   706 | D        | Killed a lich
   706 | D        | Killed a titan
   707 | D        | Found a transporter.
   761 | D        | Entered arena 24.
   765 | D        | Noticed a quicksilver dragon
   766 | D        | Noticed a quicksilver dragon
   766 | D        | Noticed a golden dragon
   766 | D        | Noticed a shadow dragon
   767 | D        | Killed a quicksilver dragon
   767 | D        | Gained mutation: You have hooves in place of feet. [demonic
                  | ancestry]
   767 | D        | Reached XP level 17. HP: 125/125 MP: 39/39
   767 | D        | Killed a quicksilver dragon
   767 | D        | Killed a golden dragon
   767 | D        | Killed a golden dragon
   767 | D        | Killed a golden dragon
   767 | D        | Noticed a quicksilver dragon
   767 | D        | Noticed a quicksilver dragon
   769 | D        | Noticed a golden dragon
   769 | D        | Noticed a quicksilver dragon
   769 | D        | Noticed a golden dragon
   771 | D        | Found the +3 Elemental Staff {rElec rF++ rC++ MR++ AC+5}
   771 | D        | Killed a quicksilver dragon
   771 | D        | Killed a golden dragon
   771 | D        | Killed a golden dragon
   771 | D        | Killed a golden dragon
   771 | D        | Killed a quicksilver dragon
   773 | D        | Killed a quicksilver dragon
   774 | D        | Found a transporter.
   816 | D        | Got the ring "Ugal" {MR+ Int+3 Stlth-}
   821 | D        | Entered arena 25.
   828 | D        | Noticed a kraken
   828 | D        | Identified the +5 broad axe of Charity {drain, rPois rF+
                  | Str+5}
   829 | D        | Found the +8 mithril axe "Arga" {speed, MR+}
   829 | D        | Identified the ring of Dinaic Ihet {rN+ Str+7 Int+3}
   832 | D        | Noticed a kraken
   832 | D        | Identified the cursed +2 hunting sling "Qujif" {velocity,
                  | +Inv MR+ Str+3 Int+4}
   832 | D        | Noticed a kraken
   832 | D        | Reached XP level 18. HP: 100/131 MP: 44/44
   834 | D        | Found a transporter.
   869 | D        | Entered arena 26.
   877 | D        | Identified the +6 rapier of the Illusory Dances {pierce,
                  | Int+3}
   878 | D        | Identified the ring of Ephemeral Luck {Str+4 SInv}
   878 | D        | Identified the +1 leather armour of Tender Moments {rCorr
                  | Str+4 Dex+2}
   879 | D        | Reached skill level 27 in Evocations
   881 | D        | Reached skill level 15 in Fighting
   885 | D        | Found a transporter.
   906 | D        | Entered arena 27.
   914 | D        | Identified the +7 spear "Uhuaqikh" {pierce, *Noise MP+9
                  | Stlth+}
   914 | D        | Identified the ring "Quiw" {rCorr Str+3}
   916 | D        | Identified the ring "Niesikiq" {rF- rC++ rCorr Int+4 Dex+4}
   916 | D        | Identified the +8 whip "Beetleslayer" {slash, rN+}
   917 | D        | Reached XP level 19. HP: 162/162 MP: 46/46
   921 | D        | Found a transporter.
   936 | D        | Got the ring "Wyoloirar" {rF+ Str-3 Dex+5 SInv}
   945 | D        | Entered arena 28.
   956 | D        | Gained mutation: You occasionally shout uncontrollably at
                  | your foes. [a shining eye]
   960 | D        | Found the +7 sceptre of Torment {pain, torment}
   961 | D        | Found the +10 morningstar "Eos" {elec, Halo rElec}
   964 | D        | Found a transporter.
   978 | D        | Got the Orb of Zot
   983 | D        | Escaped with the Orb!

Levels and vault maps discovered:
D:        sprint_v [room_start, room_1, room_2, room_3, room_4, room_5, room_6,
          room_7, room_8, room_9, room_10, room_11, room_12, room_13, room_14,
          room_15, room_16, room_17, room_18, room_19, room_20, room_21,
          room_22, room_23, room_24, room_25, room_26, room_27]

Skill      XL: |  1  2  3  4  5  6  7  8  9 10 11 12 13 14 15 16 17 18 19 |
---------------+----------------------------------------------------------+-----
Fighting       | 4 5 7 10 18 22 | 22.3
Long Blades    | 3 4 |  4.1
Armour         | 2 4 6 9 10 13 16 18 22 24 | 24.5
Dodging        | 3 4 10 14 17 22 24 | 24.4
Shields        | 2 4 6 9 13 15 17 19 21 24 26 | 26.9
Evocations     | 2 3 4 6 10 14 16 19 22 23 25 26 27 | 27.0
Invocations    | 13 18 21 24 27 | 27.0
Spellcasting   | 5 13 18 22 23 | 23.1
Necromancy     | 4 11 16 19 | 19.9
Stealth        | |  1.7

Action                   |  1- 3 |  4- 6 |  7- 9 | 10-12 | 13-15 | 16-18 | 19-21 || total
-------------------------+-------+-------+-------+-------+-------+-------+-------++-------
Melee: Double sword      |     3 |     6 |     3 |       |       |     4 |       ||    16
       Kick              |       |     2 |     1 |       |       |       |       ||     3
 Cast: Sublimation of Bl |       |       |       |       |     3 |     8 |     3 ||    14
Invok: Disaster Area     |       |       |       |     7 |    15 |    21 |     7 ||    50
       Elemental Force   |       |       |       |       |       |     1 |       ||     1
Evoke: Wand              |       |     3 |     3 |     3 |       |       |       ||     9
       Staff of energy   |       |       |     4 |    13 |    14 |     2 |     4 ||    37
  Use: Potion            |     2 |       |       |       |       |       |       ||     2
  Eat: Chunk             |       |       |       |       |     1 |     1 |       ||     2
Armor: Plate armour      |     1 |     3 |     1 |       |     1 |       |       ||     6
       Ring mail         |       |       |       |       |       |       |     2 ||     2
Dodge: Dodged            |     1 |     1 |     1 |       |     1 |    12 |       ||    16
       Deflected         |       |       |       |       |     3 |     2 |     3 ||     8
Block: Shield            |     6 |    10 |     5 |       |    14 |    29 |     7 ||    71
       Reflection        |       |       |       |       |     2 |       |       ||     2
       Rpst.: Double sword |     1 |       |     1 |       |       |       |       ||     2

Table legend:
 A = Non-vault XP
 B = Vault XP
 C = Vault XP percentage of total XP
 D = Non-vault monster count
 E = Vault monster count
 F = Vault count percentage of total count
                 A         B        C        D         E       F
            +---------+---------+-------+---------+---------+-------
      Total |    3130 |  447721 |  99.3 |      11 |     522 |  97.9
            +---------+---------+-------+---------+---------+-------
          D |    3130 |  447721 |  99.3 |      11 |     522 |  97.9
            +---------+---------+-------+---------+---------+-------
